[Event "Dutch Open 2022"]
[Site "Dieren"]
[Date "2022.07.26"]
[Round "1.12"]
[White "Op den Dries, Johan"]
[Black "Grutter, Tim"]
[Result "0-1"]
[ECO "D01"]
[WhiteElo "2104"]
[BlackElo "2246"]
[Annotator "TA"]
[PlyCount "108"]
[EventDate "2022.07.14"]
[EventType "swiss"]
[EventCountry "NED"]
[SourceTitle "playchess.com"]
[Source "ChessBase"]
[SourceQuality "1"]
[TimeControl "40/5400+30:1800+30"]

1. d4 Nf6 2. Nc3 d5 3. Bg5 Nbd7 4. e3 g6 5. Nf3 Bg7 6. Bd3 O-O {[%emt 0:03:34] D01: Veresov Opening.} 7. Ne2 c5 {[%emt 0:02:53] Hoping for ...c4.} 8. c3 Qb6 {[%emt 0:02:29] [#] The position is equal.} 9. Rb1 $146 ({Predecessor:} 9. Qb3 c4 10. Qxb6 Nxb6 11. Bc2 h6 12. Bxf6 {½-½ (12) Murawski,G (2311)-Tworuszka,M (2305) Opole 2006}) 9... Re8 10. Qa4 e5 {[%emt 0:08:24] Threatens to win with ...e4.} 11. dxe5 (11. Bxf6 $5 Bxf6 12. dxe5 Bxe5 13. Nxe5 Rxe5 14. O-O $11) 11... Nxe5 12. Nxe5 Rxe5 13. Bf4 Re8 14. Qd1 d4 15. cxd4 ({White should play} 15. exd4 $15 cxd4 16. O-O) 15... cxd4 $17 16. O-O dxe3 17. Bxe3 Rxe3 18. fxe3 Qxe3+ 19. Kh1 Ng4 {[%emt 0:02:25] White must now prevent ...Qh6.} 20. Bc4 Bf5 {[%emt 0:01:46] ...Qh6 is the strong threat. Active counter play!} 21. Qb3 ({Not} 21. Qd5 $2 Bxb1 22. Rf3 (22. Qxf7+ $2 Kh8 $19) 22... Qe5 23. Qxf7+ Kh8 $19) (21. Ng3 $1 $15 Nf2+ 22. Rxf2 Qxf2 23. Nxf5 Qxf5 24. Qf1) 21... Qe5 22. Ng3 $2 {[%emt 0:02:51] This costs White the game.} (22. Qg3 $17 {is a better defense.}) 22... Bxb1 $19 {[%emt 0:01:31] A strong pair of Bishops.} 23. Qxb7 {[%emt 0:03:33] [#]} Rf8 24. Rxf7 Kh8 25. Rxf8+ Bxf8 26. Qc8 (26. Qf7 {keeps fighting.} Qg7 27. Qf4) 26... Nf2+ 27. Kg1 Qc5 28. Qxc5 Bxc5 29. b4 Bb6 30. Kf1 Nd1 {[%emt 0:01:27] And now ...Ne3+ would win.} 31. Ke2 {[%emt 0:00:54] [#]} Bxa2 $1 32. Bxa2 {[%emt 0:00:39][%mdl 4096] Endgame KBN-KBN} Nc3+ 33. Kd3 Nxa2 34. Kc4 Nc1 35. Ne4 Ne2 36. Nd6 Bg1 37. Kb5 Bxh2 38. Nc8 Bg1 39. Ka6 Kg7 40. Nxa7 Bxa7 41. Kxa7 {[%emt 0:30:03] KN-KPP} Nc3 42. Kb6 Nd5+ 43. Kc5 Nxb4 44. Kxb4 {[%emt 0:00:06] KPP-KP. Black mates.} Kf6 45. Kc3 Kf5 46. Kd2 Kf4 47. Ke2 Kg3 48. Kf1 h5 49. Kg1 g5 50. Kh1 h4 51. Kg1 g4 52. Kh1 Kf2 53. Kh2 g3+ 54. Kh1 h3 $1 {[%emt 0:00:04] Weighted Error Value: White=0.33/Black=0.06 (flawless)} 0-1

[Event "Dutch Open 2022"]
[Site "Dieren"]
[Date "2022.07.26"]
[Round "1.13"]
[White "Stillger, Bernhard"]
[Black "Bus, Tom"]
[Result "1-0"]
[ECO "D02"]
[WhiteElo "2245"]
[BlackElo "2102"]
[Annotator "TA"]
[PlyCount "67"]
[EventDate "2022.07.14"]
[EventType "swiss"]
[EventCountry "NED"]
[SourceTitle "playchess.com"]
[Source "ChessBase"]
[SourceQuality "1"]
[TimeControl "40/5400+30:1800+30"]

1. d4 Nf6 2. Nf3 d5 3. Bf4 e6 4. e3 Bd6 5. Bxd6 Qxd6 6. Nbd2 O-O {[%emt 0:02:20] D02: 1 d4 d5 2 Nf3 sidelines, including 2...Nf6 3 g3 and 2...Nf6 3 Bf4.} 7. c4 Nbd7 8. Be2 b6 {[%emt 0:03:16][%cal Bb7b6,Bb6c5][%mdl 32] The position is equal.} 9. O-O Bb7 10. Rc1 c5 11. cxd5 exd5 {[%emt 0:02:35] [#]} 12. dxc5 $146 ({Predecessor:} 12. b3 Rac8 13. Rc2 a6 14. h3 b5 15. dxc5 Nxc5 16. Nd4 Nce4 17. Nxe4 Nxe4 18. Bg4 {½-½ (35) Jakso,A (1238)-Peredi,O (1646) Hungary 2016}) 12... bxc5 13. Qa4 Qb6 14. b3 Bc6 15. Qf4 Rfe8 16. Bd3 Bb5 17. Bxb5 Qxb5 18. Rc2 a5 19. Rfc1 a4 20. h3 h6 21. Kh1 (21. b4 $11 cxb4 22. Nd4) 21... Qb8 ({Better is} 21... axb3 $15 22. Nxb3 c4) 22. Qxb8 $11 Rexb8 23. g4 Rb4 24. Kg2 Ra5 25. Ne1 axb3 26. Nxb3 Rxa2 {[%emt 0:01:17] Loses the game.} 27. Rxa2 $18 Rxb3 28. Nf3 Rd3 (28... g6 $16 29. Ra7 c4) 29. Rb1 g6 (29... d4 {was worth a try.} 30. exd4 g5) 30. Rb7 Kf8 (30... Rc3 {was necessary.} 31. Raa7 Kg7 32. Rxd7 Nxd7 33. Rxd7 d4 34. exd4 Kf6) 31. Raa7 Ke8 {[%emt 0:04:35] [#]} (31... Rc3 $142 32. Rxd7 Nxd7 33. Rxd7 d4 34. exd4 Ke8) 32. Rxd7 $2 Nxd7 {[%emt 0:00:06] [#]} 33. Rxd7 $1 d4 (33... Rxe3 34. Rxd5) 34. Rd5 {[%emt 0:00:00] Weighted Error Value: White=0.31/Black=0.43} 1-0

[Event "Dutch Open 2022"]
[Site "Dieren"]
[Date "2022.07.26"]
[Round "1.14"]
[White "Labruyere, Roger"]
[Black "Domalchuk-Jonasson, Aleksandr"]
[Result "0-1"]
[ECO "C07"]
[WhiteElo "2070"]
[BlackElo "2244"]
[Annotator "TA"]
[PlyCount "78"]
[EventDate "2022.07.14"]
[EventType "swiss"]
[EventCountry "NED"]
[SourceTitle "playchess.com"]
[Source "ChessBase"]
[SourceQuality "1"]
[TimeControl "40/5400+30:1800+30"]

1. e4 e6 2. d4 d5 3. Nd2 c5 4. Ngf3 cxd4 5. Nxd4 Nc6 6. Bb5 Bd7 7. Nxc6 bxc6 8. Bd3 Qc7 9. O-O Bd6 10. Nf3 {[%emt 0:05:09] C07: French Tarrasch: 3...c5, 4 Ngf3 and 4 exd5 Qxd5.} (10. h3 $11) 10... Ne7 (10... e5 $1 $15) 11. c4 $11 dxe4 12. Bxe4 {[%emt 0:00:43] The position is equal.} f5 13. Bc2 {[%emt 0:00:46] [#]} e5 $146 ({Predecessor:} 13... O-O 14. Re1 c5 15. Qe2 Ng6 16. Be3 e5 17. Rad1 Bc6 18. Ng5 Rf6 19. b4 e4 {0-1 (34) Valkama,E (2284)-Keinanen,T (2460) Sastamala 2021}) 14. b4 Bxb4 15. Bb2 e4 16. Bxg7 $2 (16. Ng5 $14 {keeps the upper hand.}) 16... Rg8 $17 17. Be5 {[%emt 0:00:35] [#]} Qa5 (17... Rxg2+ $1 $17 18. Kh1 Qa5 $1) 18. Bd6 exf3 $19 19. Rb1 $2 (19. g3 {nothing else works.}) 19... Bxd6 20. Qxd6 Rg6 21. Qf4 Rxg2+ 22. Kh1 Rg4 23. Qd6 Rg6 24. Qf4 Qc5 25. h3 Kf7 26. Rb7 Qd6 27. Qxf3 Be6 28. Re1 $2 (28. Bxf5 Bxf5 29. Qxf5+ Kg8 30. Qe4) 28... Kg8 29. Bb3 Qc5 30. Qf4 Re8 31. Re5 {[%emt 0:03:53] [#]} (31. Bd1 $142 Bxc4 32. Qe3 Bd5+ 33. Bf3 Qxe3 34. Rxe3) 31... Qa3 $2 ({Better is} 31... Qd6 $1 $19 {[%cal Rd6d3] ...Qd3 is the strong threat.} 32. f3 c5) 32. Qe3 (32. Rxe6 $1 $11 {and White stays safe.} Rxe6 33. c5) 32... f4 33. Qe1 Qa6 34. Rxe6 Qxb7 35. c5 {[%emt 0:00:05] Rxe7+ would kill now.} Kf8 36. Qe5 {[%emt 0:00:43] White threatens Rf6+ and mate.} Rxe6 37. Qxf4+ {[%emt 0:02:48] [#]} Nf5 $1 38. Qxf5+ Qf7 39. Bxe6 Rxe6 {[%emt 0:00:08] Weighted Error Value: White=1.05/Black=0.44} 0-1

[Event "Dutch Open 2022"]
[Site "Dieren"]
[Date "2022.07.26"]
[Round "1.15"]
[White "Sekar, B."]
[Black "Kumar, Prajit Sai"]
[Result "1-0"]
[ECO "B30"]
[WhiteElo "2241"]
[BlackElo "2040"]
[Annotator "TA"]
[PlyCount "63"]
[EventDate "2022.07.14"]
[EventType "swiss"]
[EventCountry "NED"]
[SourceTitle "playchess.com"]
[Source "ChessBase"]
[SourceQuality "1"]
[TimeControl "40/5400+30:1800+30"]

1. e4 c5 2. Nf3 Nc6 3. Bb5 e5 4. O-O Bd6 5. c3 a6 6. Ba4 {[%emt 0:05:51] B30: Sicilian: 2...Nc6 3 Bb5, lines without ...g6.} b5 7. Bc2 Nge7 8. d4 {[%emt 0:01:21] White is slightly better.} cxd4 (8... exd4 {is interesting.} 9. cxd4 cxd4 10. a4 Bb7) 9. cxd4 exd4 10. Nxd4 Nxd4 11. Qxd4 Qc7 {[%emt 0:00:14][%csl LRc2,LRh2] [#]} 12. h3 $1 O-O (12... Be5 13. Qd1) 13. Qd3 Ng6 14. Nc3 {[%emt 0:00:11] [#]} Bb7 $146 ({Predecessor:} 14... Ne5 15. Qe2 Bb7 16. Rd1 Bc5 17. Bf4 d6 18. Bb3 Rae8 19. Bd5 Bc8 20. Rac1 Qe7 21. a3 Qh4 22. Bg3 Qxg3 {0-1 (22) Pirard,N (2049)-Vande Velde,E (1894) Brasschaat 2017}) 15. Bb3 Bh2+ (15... Ne5 $5 16. Qe2 Nc4 $11) 16. Kh1 Bf4 17. Bxf4 (17. Rd1 $16) 17... Nxf4 $11 18. Qg3 Rac8 19. Rac1 {[%emt 0:05:26][%cal Oc3e2] Hoping for Ne2!} Ne6 20. f4 Nd4 21. Bd5 {[%emt 0:06:04] And now Qe3 would win.} Bxd5 (21... b4 $1 $11 {and Black stays safe.} 22. Qe3 bxc3 23. Qxd4 Bxd5 24. Qxd5 Qc4 25. bxc3 Qxd5 26. exd5 Rc5) 22. Nxd5 $18 Qxc1 23. Rxc1 Rxc1+ 24. Kh2 {[%emt 0:00:05] Strongly threatening Qe3.} Nc6 25. Nf6+ {[%emt 0:07:02][%mdl 1024] White has strong compensation.} Kh8 {[%emt 0:00:06] [#]} 26. Nh5 g6 (26... Rg8 $16) 27. Nf6 Kg7 28. Qh4 Rc2 (28... Rd1 $142 29. f5 (29. Nxh7 Rh8 $16) 29... Ne5 30. Nxh7 Rh8) 29. Nxd7 Rd8 30. Qf6+ Kg8 31. Ne5 Rc8 32. Qxf7+ {[%emt 0:00:41] Weighted Error Value: White=0.15 (very precise) /Black=0.74} 1-0

[Event "Dutch Open 2022"]
[Site "Dieren"]
[Date "2022.07.26"]
[Round "1.15"]
[White "Balaji Sekar"]
[Black "Kumar, Prajit Sai"]
[Result "1-0"]
[ECO "B30"]
[WhiteElo "1189"]
[BlackElo "2040"]
[Annotator "TA"]
[PlyCount "63"]
[EventDate "2022.07.14"]
[EventType "swiss"]
[EventCountry "NED"]
[SourceTitle "playchess.com"]
[Source "ChessBase"]
[SourceQuality "1"]
[TimeControl "40/5400+30:1800+30"]

1. e4 c5 2. Nf3 Nc6 3. Bb5 e5 4. O-O Bd6 5. c3 a6 6. Ba4 {[%emt 0:05:51] B30: Sicilian: 2...Nc6 3 Bb5, lines without ...g6.} b5 7. Bc2 Nge7 8. d4 {[%emt 0:01:21] White is slightly better.} cxd4 9. cxd4 exd4 10. Nxd4 Nxd4 11. Qxd4 Qc7 12. h3 O-O 13. Qd3 Ng6 14. Nc3 {[%emt 0:00:11] [#]} Bb7 $146 ({Predecessor:} 14... Ne5 15. Qe2 Bb7 16. Rd1 Bc5 17. Bf4 d6 18. Bb3 Rae8 19. Bd5 Bc8 20. Rac1 Qe7 21. a3 Qh4 22. Bg3 Qxg3 {0-1 (22) Pirard,N (2049)-Vande Velde,E (1894) Brasschaat 2017}) 15. Bb3 Bh2+ 16. Kh1 Bf4 17. Bxf4 (17. Rd1) 17... Nxf4 18. Qg3 Rac8 19. Rac1 {[%emt 0:05:26][%cal Oc3e2] [#] Strongly threatening Ne2!} Ne6 20. f4 Nd4 21. Bd5 Bxd5 $2 (21... b4 $1 $11 {and Black has nothing to worry.} 22. Qe3 bxc3 23. Qxd4 Bxd5 24. Qxd5 Qc4 25. bxc3 Qxd5 26. exd5 Rc5) 22. Nxd5 $18 Qxc1 23. Rxc1 Rxc1+ 24. Kh2 {[%emt 0:00:05] [#] And now Qe3 would win.} Nc6 25. Nf6+ {[%emt 0:07:02][%mdl 1024] White has strong compensation.} Kh8 26. Nh5 g6 (26... Rg8) 27. Nf6 Kg7 28. Qh4 Rc2 $2 (28... Rd1 29. f5 (29. Nxh7 Rh8 $16) 29... Ne5 30. Nxh7 Rh8) 29. Nxd7 Rd8 30. Qf6+ Kg8 31. Ne5 Rc8 32. Qxf7+ {[%emt 0:00:41] Weighted Error Value: White=0.11 (very precise) /Black=0.64} 1-0

[Event "Dutch Open 2022"]
[Site "Dieren"]
[Date "2022.07.26"]
[Round "1.16"]
[White "Shakhverdian, William"]
[Black "Mollema, Thomas"]
[Result "1-0"]
[ECO "D40"]
[WhiteElo "2040"]
[BlackElo "2235"]
[Annotator "TA"]
[PlyCount "58"]
[EventDate "2022.07.14"]
[EventType "swiss"]
[EventCountry "NED"]
[SourceTitle "playchess.com"]
[Source "ChessBase"]
[SourceQuality "1"]
[TimeControl "40/5400+30:1800+30"]

1. d4 d5 2. c4 e6 3. Nf3 c5 4. e3 Nf6 5. Nc3 Nc6 6. a3 a6 7. dxc5 Bxc5 8. b4 Ba7 9. Be2 {[%emt 0:04:52] [#] D40: Queen's Gambit Declined: Semi-Tarrasch with 5 e3.} d4 $146 (9... O-O $11 {deserves consideration.}) ({Predecessor:} 9... O-O 10. O-O Qe7 11. Qc2 dxc4 12. Bxc4 b5 13. Bd3 Bb7 14. Bb2 Rac8 15. Rad1 Bb8 16. Qe2 Ne5 17. Nxe5 Bxe5 18. Nb1 {0-1 (35) Kozlovskaya,V (2161)-Manor,I (2461) Rhodes 2019}) 10. exd4 $14 Nxd4 11. c5 {[%emt 0:10:38] White is better.} Nxe2 12. Qxd8+ ({Don't play} 12. Nxe2 Qxd1+ 13. Kxd1 Bd7 $15) ({But not} 12. Kxe2 Bd7 $11) (12. Qxe2 $16 {Hoping for Bg5.} b6 13. c6) 12... Kxd8 $11 13. Kxe2 Bb8 14. Bg5 Bd7 {[%emt 0:01:49] Inhibits Na4.} 15. Rhd1 Ke7 16. Bh4 Bc6 17. a4 Rc8 18. Rd3 a5 19. Rb1 (19. b5 $1 $11 Bxf3+ 20. gxf3) 19... axb4 $17 20. Rxb4 Ra5 (20... Kf8 $15 21. Bxf6 gxf6) 21. Nd4 $11 {[%emt 0:02:55] Pair of Knights!} Rxc5 22. Nxc6+ bxc6 (22... R5xc6 $11 23. Rxb7+ R6c7) 23. Rb7+ $16 Bc7 24. Ne4 {[%emt 0:02:25] Prevents g5. White is more active.} Re5 {[%emt 0:03:07] [#]} 25. f3 {[%emt 0:00:18] Black must now prevent Bg3.} Rd5 {[%emt 0:05:36] [#]} 26. Nxf6 ({Better is} 26. a5 $1 $16 ) 26... gxf6 $11 27. Rxd5 cxd5 28. a5 Kd6 29. Bxf6 Bxa5 {[%emt 0:00:00][%mdl 32768] Weighted Error Value: White=0.20 (precise) /Black=0.17 (very precise) . Loss on time!?} 1-0

[Event "Dutch Open 2022"]
[Site "Dieren"]
[Date "2022.07.26"]
[Round "1.17"]
[White "Vos, Tjark"]
[Black "Manukonda Arun"]
[Result "0-1"]
[ECO "B90"]
[WhiteElo "2224"]
[BlackElo "2021"]
[Annotator "TA"]
[PlyCount "90"]
[EventDate "2022.07.14"]
[EventType "swiss"]
[EventCountry "NED"]
[SourceTitle "playchess.com"]
[Source "ChessBase"]
[SourceQuality "1"]
[TimeControl "40/5400+30:1800+30"]

1. e4 c5 2. Nf3 d6 3. d4 cxd4 4. Nxd4 Nf6 5. Nc3 a6 6. Be3 e5 7. Nb3 Be7 8. f3 Be6 9. Qd2 h5 10. Nd5 Nxd5 11. exd5 Bf5 {[%emt 0:00:01] B90: Sicilian Najdorf: Unusual White 6th moves, 6 Be3 Ng4 and 6 Be3 e5.} 12. c4 b6 13. Be2 a5 {[%emt 0:00:12] White has an edge.} 14. O-O Nd7 15. Rac1 (15. f4 $5 ) 15... O-O {[%emt 0:03:16] [#]} 16. f4 $146 ({Predecessor:} 16. Na1 Nc5 17. Nc2 g6 18. Na3 Bd7 19. Bd3 Bf6 20. f4 exf4 21. Bxf4 Nxd3 22. Qxd3 Bxb2 {0-1 (60) Brilej,J (2228)-Turzo,A (2303) Chess.com INT 2020}) 16... Bg4 (16... a4 $1 $11 17. Na1 (17. fxe5 axb3 18. Rxf5 bxa2 $11) 17... exf4 18. Bxf4 Nc5) 17. Bd3 ({White should try} 17. h3 $16 Bxe2 18. Qxe2) 17... a4 $11 18. Na1 {[%emt 0:00:09] Strongly threatening h3.} exf4 19. Bxf4 Nc5 20. Bb1 Bf6 21. Qc2 (21. h3 $14 Bc8 22. Rcd1) 21... g6 {[%emt 0:01:40] Active counter play!} 22. Bh6 Re8 23. Qf2 Nd7 {[%emt 0:04:09] Threatens to win with ...Re2.} 24. Bg5 $2 Re2 $2 (24... Bxg5 $19 25. Qxf7+ Kh8 26. Qxg6 Qe7) 25. Bxf6 Rxf2 26. Bxd8 {[%emt 0:00:02] This bishop pair is nice.} Rxf1+ 27. Kxf1 Rxd8 28. h3 Bf5 29. Bxf5 gxf5 {[%emt 0:00:02][%mdl 4096] Endgame KRN-KRN} 30. Nc2 Kg7 31. Nd4 Kf6 32. Nb5 Nc5 33. Ke2 (33. Kg1 $11) 33... Ke5 34. Kf3 Nd3 {[%emt 0:09:46] Inhibits Re1+.} (34... Rg8 $1 $15 35. Nc3 (35. Re1+ $2 Ne4 $19) 35... Nd3) 35. Rb1 (35. Rc3 $5 Nxb2 36. Rc2 $11) 35... Rg8 {[%emt 0:02:23] aiming for ...h4.} 36. g3 {[%emt 0:03:45] [#]} (36. Rd1 $11 Nxb2 37. Re1+ Kf6 38. Nxd6) 36... h4 (36... Nc5 $1 $19 {...Ne4 is the strong threat.} 37. Rg1 (37. Re1+ $2 Ne4 $19) 37... Ne4) 37. gxh4 $2 (37. g4 $1 $15) 37... f4 $19 38. Nc3 $2 (38. Ke2 {might work better.} Rg3 39. Rf1) 38... Rg3+ 39. Ke2 Nxb2 {[%emt 0:01:53][%mdl 64] Discovered Attack. Black is clearly winning.} 40. Rxb2 {[%emt 0:00:46] KRN-KR} (40. Kf2 $142 a3 41. Nb5 (41. Re1+ $2 Kf5 $19) 41... Nxc4 42. Rd1) 40... Rg2+ {[%emt 0:00:01][%mdl 64] [#] Skewer} 41. Kf3 Rxb2 42. Nxa4 Rb4 (42... Rxa2 $142 43. Nxb6 Ra3+ 44. Kg2 f3+ 45. Kg3 Ke4) 43. Nc3 Rxc4 44. Ne2 Re4 45. h5 Re3+ {[%emt 0:00:16] Weighted Error Value: White=1.16/Black=0.56} 0-1

[Event "Dutch Open 2022"]
[Site "Dieren"]
[Date "2022.07.26"]
[Round "1.18"]
[White "Achuthan, Dylan"]
[Black "Bruil, Rembrandt"]
[Result "0-1"]
[ECO "B06"]
[WhiteElo "1989"]
[BlackElo "2204"]
[Annotator "TA"]
[PlyCount "50"]
[EventDate "2022.07.14"]
[EventType "swiss"]
[EventCountry "NED"]
[SourceTitle "playchess.com"]
[Source "ChessBase"]
[SourceQuality "1"]
[TimeControl "40/5400+30:1800+30"]

1. e4 g6 2. d4 Bg7 3. Nc3 d6 4. Be3 a6 5. a4 Nf6 6. f3 Nbd7 {[%emt 0:05:41] Recently 6...Nc6 got a lot of attention. B06: Modern Defence.} 7. Bc4 c6 8. Nge2 {[%emt 0:18:53] [#]} d5 $146 {[%emt 0:14:06] White is slightly better.} ({Predecessor:} 8... Qa5 9. O-O d5 10. Bb3 O-O 11. Qd2 dxe4 12. fxe4 e5 13. d5 Ng4 14. dxc6 bxc6 15. Nd5 Qd8 16. Bg5 Ngf6 17. Nxf6+ Bxf6 18. Bxf6 Nxf6 19. Qxd8 Rxd8 20. Rxf6 {1-0 (20) Schaberg,W (1808)-Ager,J (2147) Arco 2019}) 9. Bb3 dxe4 10. fxe4 {[%emt 0:12:31] White wants to play e5.} Ng4 11. Bg5 (11. Bg1 $5 ) 11... h6 12. Bc1 {[%emt 0:00:32] [#] Threatens to win with h3.} e5 $1 {[%emt 0:01:46] Strongly threatening ...exd4.} 13. O-O O-O {[%emt 0:00:38] Hoping for ...exd4.} 14. h3 exd4 15. hxg4 (15. Nxd4 $15 Qb6 16. Nce2) 15... dxc3 16. Nxc3 (16. bxc3 $17 {was the only defense.} Ne5 17. Qxd8 Rxd8 18. g5) 16... Qh4 (16... Qe7 $19 {White must now prevent ...Nf6.} 17. g5 Ne5) 17. Bf4 Nc5 18. Bc4 (18. Ba2 $142) 18... Bxg4 19. g3 $2 (19. Qe1 Qh5 20. Qe3) 19... Qh3 $19 ({Stronger than} 19... Bxd1 20. gxh4 Bxc2 21. Bd6 $17) 20. Be2 (20. Qd2 {might work better.}) 20... Bxe2 21. Nxe2 Rad8 22. Qc1 Nxe4 {[%emt 0:00:27] [#] ( -> ...Rd5)} 23. Qe3 Nf6 {[%emt 0:00:50] And now ...Ng4 would win.} 24. Qf3 Rfe8 25. Nc3 Ng4 {[%emt 0:00:24] Weighted Error Value: White=0.82/Black=0.11 (very precise)} 0-1

[Event "Dutch Open 2022"]
[Site "Dieren"]
[Date "2022.07.27"]
[Round "2.1"]
[White "Domalchuk-Jonasson, Aleksandr"]
[Black "Omelja, Artem"]
[Result "1-0"]
[ECO "E11"]
[WhiteElo "2244"]
[BlackElo "2478"]
[Annotator "TA"]
[PlyCount "79"]
[EventDate "2022.07.14"]
[EventType "swiss"]
[EventCountry "NED"]
[SourceTitle "playchess.com"]
[Source "ChessBase"]
[SourceQuality "1"]
[TimeControl "40/5400+30:1800+30"]

1. d4 d5 2. c4 e6 3. Nf3 Nf6 4. g3 Bb4+ 5. Bd2 Be7 6. Bg2 O-O 7. O-O c6 8. Qc2 Nbd7 9. Rd1 Ne4 10. Bf4 {[%emt 0:06:25] E11: Bogo-Indian.} g5 11. Bc1 f5 12. Nc3 {[%emt 0:04:54] Against b5. White has an edge.} Nd6 13. b3 dxc4 14. Ne5 cxb3 15. Qxb3 (15. axb3 Nf7 $14) 15... Nb6 {[%emt 0:00:37] [#]} 16. a4 $146 (16. e4 $1 $16) ({Predecessor:} 16. e4 fxe4 17. Nxe4 Nd5 18. Nc5 Qb6 19. Qc2 Qc7 20. Bh3 Nf5 21. Ne4 Nxd4 22. Rxd4 Qxe5 {1-0 (32) Pietsch,M (2206)-Schmidt Schaeffer,S (2373) Germany 2017}) 16... Nd5 $14 17. a5 (17. Nxd5 exd5 18. e3 Nf7 $11) 17... a6 18. e4 ({Much weaker is} 18. Nxd5 $6 exd5 19. Qf3 Bf6 $11) 18... fxe4 ({Black should try} 18... Nxc3 $14 19. Qxc3 Nb5) 19. Nxe4 $16 Kg7 20. Nc5 {[%emt 0:07:43][%mdl 1024] White has strong compensation.} Qc7 21. Bb2 Rb8 22. Qd3 Bf6 23. Qe2 Kh8 24. Be4 Qg7 25. Bd3 {[%emt 0:06:48] 0x0.00144ac411d7dp-1022s more active pieces.} Nf5 26. Rab1 Qc7 (26... Bd8 $14) 27. Qh5 $18 {[%emt 0:01:37] aiming for Ng6+.} Kg8 (27... Qg7 {is a better defense.} 28. Ba3 Bxe5 29. dxe5 Qf7 30. Qxf7 Rxf7) 28. Ne4 {[%emt 0:03:08] Strongly threatening Ba3.} Qg7 29. Ba3 Nxd4 (29... Be7) 30. Bxf8 Kxf8 {[%emt 0:00:37] [#]} 31. Nd6 $1 Qe7 {[%emt 0:02:39] Against Qe8+} 32. Nef7 (32. Bxh7 $2 Bxe5 33. Ne4 Nf6 34. Nxf6 (34. Qh6+ $2 Qg7 $19) 34... Bxf6 $19) (32. Ndf7 $18) 32... Bd7 (32... e5 $16 {was called for.}) 33. Qxh7 $40 {[%emt 0:00:59][%mdl 128] White goes for the king.} (33. Bxh7 $18 {and White stays clearly on top. Threatens to win with Qg6.} Nc3 {[#]} 34. Rd3 $1 Nxb1 35. Qg6) 33... Be8 $2 (33... Nc3 $16 {was worth a try.}) 34. Bg6 ({Wrong is} 34. Qh6+ $2 Bg7 35. Qg6 Bxf7 $19) 34... Nf3+ 35. Kg2 {[%emt 0:00:15] Really sharp!} Ne5 36. Nxe8 ({Not} 36. Qh6+ Bg7 37. Qxg5 Bxf7 38. Nxf7 Nxg6 39. Qxg6 Qxf7 40. Qxf7+ Kxf7 $17) 36... Nxg6 37. Nxf6 {[%emt 0:00:40] White is clearly winning.} Qxf6 38. Nd6 Ne5 39. Rb3 {[%emt 0:00:33] Prevents Ne3+.} Rd8 40. Ne4 {[%emt 0:00:37] Weighted Error Value: White=0.23 (precise) /Black=0.44} 1-0

[Event "Dutch Open 2022"]
[Site "Dieren"]
[Date "2022.07.27"]
[Round "2.2"]
[White "Lahaye, Rick"]
[Black "Stillger, Bernhard"]
[Result "1-0"]
[ECO "B14"]
[WhiteElo "2417"]
[BlackElo "2245"]
[Annotator "TA"]
[PlyCount "88"]
[EventDate "2022.07.14"]
[EventType "swiss"]
[EventCountry "NED"]
[SourceTitle "playchess.com"]
[Source "ChessBase"]
[SourceQuality "1"]
[TimeControl "40/5400+30:1800+30"]

1. e4 c6 2. d4 d5 3. exd5 cxd5 4. c4 Nf6 5. Nc3 g6 6. Qb3 Bg7 7. cxd5 O-O 8. Nf3 Nbd7 9. Be2 Nb6 10. O-O Nbxd5 11. Re1 {[%emt 0:02:23] B14: Caro-Kann: Panov-Botvinnik Attack with 5...e6 and 5...g6.} b6 12. Ne5 Bb7 {[%emt 0:02:55] Against Nc6} 13. Bf3 {[%emt 0:00:14] [#] The position is equal.} e6 $146 ({Predecessor:} 13... h6 14. Bd2 Rc8 15. Rad1 e6 16. Bc1 a6 17. h4 b5 18. Na4 Nd7 19. Nxd7 Qxd7 {0-1 (43) Kraai,J (2429)-Lobanov,S (2516) Chess.com INT 2020}) 14. Bg5 Rc8 15. Rac1 Qd6 16. Nb5 Qb8 17. Rxc8 Rxc8 18. Bxf6 Bxf6 19. Nd7 {[%emt 0:00:07] Pair of Knights!} Qf4 20. Nxf6+ Qxf6 21. Nd6 Rb8 22. Nxb7 Rxb7 23. Bxd5 exd5 $14 {[%emt 0:00:05][%mdl 4096] Endgame KQR-KQR} 24. Re8+ Kg7 25. Qa3 Kh6 $2 (25... h5 $1 $11 {and Black has nothing to worry.}) 26. Qh3+ $2 (26. g4 $1 $18 Qf4 27. Qf8+ Kg5 28. Re3) 26... Kg7 $11 27. Qa3 $2 $40 {[%emt 0:00:03][%mdl 128] White is up to no good.} (27. Qc8 $11 Re7 28. Rg8+ Kh6 29. Qh3+ Kg5 30. Qg3+ Kh6 31. Qh3+ Kg5 32. Qg3+ Kh6 33. Qh3+) 27... Kh6 $18 {[%emt 0:00:13] [#]} 28. Qf8+ (28. g4 $1 $18 {is the precise move to win. Strongly threatening Qf8+.} Qf4 29. Qf8+ Kg5 30. Re5+ Kh4 31. h3 Kxh3 32. Re3+ Kh4 33. g5 (33. Qd8+ f6 $11)) 28... Qg7 $16 29. Qb4 f6 $1 30. Qd2+ g5 31. Qe3 {[%emt 0:00:12] Prevents Re7.} Qg6 32. h4 $1 Kg7 33. hxg5 {[%emt 0:00:57] White is more active.} Qxg5 34. Qc3 {[%emt 0:01:41] Against Rc7. aiming for Re3.} Qf5 35. Re3 Kf7 {[%emt 0:00:41] [#]} 36. Rf3 $1 ({Much worse is} 36. Qc6 $6 Re7 $11) 36... Qe6 37. Qc2 Qe1+ $2 {[%emt 0:00:18][%mdl 8192] Loses the game.} (37... Kg7 $16) 38. Kh2 $18 Qe4 39. Qc6 $1 Qh4+ 40. Rh3 Qf4+ 41. Kg1 Rb8 42. Qd7+ Kf8 43. Rxh7 Qc1+ 44. Kh2 Qf4+ {[%emt 0:00:07] Weighted Error Value: White=0.20 (precise) /Black=0.61} 1-0